 Dungeon Crawl Stone Soup version 0.29.0-4-gdea44cf6ec (webtiles) character file.

Game seed: 1514764514868242289

4179 qw the Cleaver (level 10, 0/60 HPs)
             Began as a Tengu Warper on Aug 28, 2022.
             Was a Believer of Okawaru.
             Slain by a wyvern (11 damage)
             ... on level 8 of the Dungeon.
             The game lasted 00:00:49 (7490 turns).

qw the Cleaver (Tengu Warper)                       Turns: 7490, Time: 00:00:50

Health: 0/60       AC: 15    Str: 21    XL:     10   Next: 28%
Magic:  0/14       EV:  9    Int: 13    God:    Okawaru [**....]
Gold:   176        SH:  5    Dex: 15    Spells: 13/13 levels left

rFire   . . .      SeeInvis .   h - +1 war axe (freeze)
rCold   . . .      Faith    .   (no shield)
rNeg    . . .      Spirit   .   d - +0 plate armour
rPois   .          Reflect  +   (helmet restricted)
rElec   .          Harm     .   (no cloak)
rCorr   .          Rampage  .   c - +1 pair of gloves {infuse}
Will    .....                   (boots unavailable)
Stlth   ..........              n - amulet of reflection
HPRegen 0.20/turn               j - +6 ring of strength
MPRegen 0.14/turn               (no ring)

@: about to teleport, flying quickly and evasively, quick
A: beak, talons 3, nimble flight
a: Renounce Religion, Heroism


You were on level 8 of the Dungeon.
You worshipped Okawaru.
Okawaru was pleased with you.
You visited 1 branch of the dungeon, and saw 8 of its levels.

You collected 521 gold pieces.
You spent 345 gold pieces at shops.


Innate Abilities, Weirdness & Mutations

You have a beak for a mouth.
You have claws for feet.
Your magical nature lets you fly swiftly and evasively.


   Skills:
 - Level 6.0 Fighting
 - Level 12.1 Axes
 - Level 1.0 Throwing
 - Level 6.0 Armour
 + Level 3.9 Dodging
 - Level 2.0 Spellcasting
 - Level 2.4 Translocations
 - Level 4.0 Invocations


You had 13 spell levels left.
You didn't know any spells.
Your spell library contained the following spells:

 Spells                   Type           Power      Damage    Failure   Level
 Blink                    Tloc           14%        N/A       96%         2
 Gell's Gravitas          Tloc           7%         N/A       99%         3
 Lesser Beckoning         Tloc           7%         N/A       99%         3
 Teleport Other           Tloc           7%         N/A       99%         3
 Manifold Assault         Tloc           7%         N/A       100%        5

Inventory:

Hand Weapons
 h - a +1 war axe of freezing (weapon)
 m - a +0 morningstar
Missiles
 b - 6 boomerangs (quivered)
Armour
 c - a +1 pair of gloves of infusion (worn)
 d - a +0 plate armour (worn)
Jewellery
 j - a +6 ring of strength (left hand)
 n - an amulet of reflection (around neck)
Scrolls
 a - 4 scrolls of identify
 f - 3 scrolls of teleportation
Potions
 i - 2 potions of curing
 k - 3 potions of heal wounds
 l - a potion of mutation
 o - 2 potions of haste

Dungeon Overview and Level Annotations

Branches:
Dungeon (8/15)             Temple (0/1) D:7
   Lair: D:8-11

Altars:
Ashenzari
Elyvilon
Okawaru
Sif Muna
Wu Jian

Shops:
D:1 (([*   D:5 [[(

Annotations:
D:2 1 runed translucent door, Crazy Yiuf
D:3 2 runed translucent doors, qw's ghost, amateur TeWr


Message History

You hit the orc. You freeze the orc. Your kick misses the orc.
You peck the orc.
You kill the orc!
Okawaru accepts your kill.
You miss something. Something hits you but does no damage.
You miss something. You claw something. You slash something!
You freeze something. Okawaru accepts your kill.
Reactivating autopickup.
You feel a bit more experienced.
You hit the gnoll. You freeze the gnoll.
The gnoll is heavily wounded.
The gnoll closely misses you.
You hit the gnoll. You freeze the gnoll. You claw the gnoll.
Your peck misses the gnoll.
The gnoll is almost dead.
You slash the yak! You freeze the yak. The gnoll hits you but does no damage.
The yak gores you but does no damage. You block the wyvern's attack.
You barely miss the gnoll.
The gnoll is almost dead.
You hit the wyvern but do no damage. You hit the yak but do no damage.
The gnoll hits you with a +0 club. The yak gores you but does no damage.
You block the wyvern's attack.
You closely miss the gnoll. You claw the gnoll, but do no damage.
You peck the gnoll, but do no damage.
The gnoll is almost dead.
You closely miss the wyvern. You hit the yak. You freeze the yak.
The wyvern bites you. The gnoll hits you but does no damage. The yak gores you.
You barely miss the gnoll. You claw the gnoll.
You kill the gnoll!
Okawaru accepts your kill.
You slash the wyvern! You freeze the wyvern. You slash the yak!
You freeze the yak. The wyvern closely misses you. The yak gores you.
You block the wyvern's attack.
7490 ||| READING 4 scrolls of teleportation.
As you read the scroll of teleportation, it crumbles to dust.
You feel strangely unstable. The wyvern bites you!
You die...

.g... .... #.#. S)..
...# #.#. 7... ... #.#.
Y.. ..## #######.#. ..
... ..........
S#.#########....##
###g..##............
#.YY#...>..###...#.#
#.#@lo##.#.# ##.#.##
#.##.###.#.## #....#
..##.##........#######.
..................(....
..........##...########
#.##l###.####.## ## #.
#.# #.# ##. # #.#
#.#######..
##.####.##.......


You could see 2 yaks, a water moccasin, a wyvern, a gnoll and an orc.

Vanquished Creatures
  An ugly thing (D:7)
  Grinder (D:3)
  2 yaks (D:8)
  A basilisk (D:8)
  Edmund (D:5)
  4 water moccasins
  2 ice beasts (D:7)
  A sky beast (D:7)
  An orc warrior (D:8)
  4 black bears
  A kobold brigand (D:8)
  6 bullfrogs
  A necrophage (D:6)
  A scorpion (D:6)
  6 wights
  6 killer bees (D:8)
  A howler monkey (D:6)
  3 orc priests
  3 gnoll boudas
  4 hounds
  5 orc wizards
  2 iguanas
  Robin (D:2)
  10 gnolls
  5 adders
  A shadow imp (D:7)
  An ufetubus (D:5)
  4 worms
  A dart slug (D:2)
  27 orcs
  A bat (D:2)
  7 endoplasms
  4 giant cockroaches
  16 goblins
  16 hobgoblins
  3 jackals (D:1)
  6 kobolds
  A quokka (D:1)
  3 ball pythons
  4 frilled lizards
  3 rats
171 creatures vanquished.

Vanquished Creatures (others)
  2 bushes (D:8)
  11 fungi
  20 plants
  4 toadstools (D:1)
37 creatures vanquished.

Grand Total: 208 creatures vanquished

Notes
Turn   | Place    | Note
-------+----------+-------------------------------------------
     0 | D:1      | qw the Tengu Warper began the quest for the Orb.
     0 | D:1      | Reached XP level 1. HP: 12/12 MP: 4/4
     0 | D:1      | 0 ||| qw: Version: 0.1-a-89-g26bdef1
     0 | D:1      | 0 ||| qw: Game counter: 3392
     0 | D:1      | 0 ||| qw: Always use a shield: true
     0 | D:1      | 0 ||| qw: God list: Okawaru
     0 | D:1      | 0 ||| qw: Allow faded altars: false
     0 | D:1      | 0 ||| qw: Do Orc after D:15 true
     0 | D:1      | 0 ||| qw: Do second Lair branch before Depths: true
     0 | D:1      | 0 ||| qw: Lair rune preference: random
     0 | D:1      | 0 ||| qw: Plans: Normal
     0 | D:1      | 0 ||| PLANNING D:1-11
    46 | D:1      | 46 ||| Stepping ~*~*~tactically~*~*~ (stealth).
    60 | D:1      | Reached XP level 2. HP: 7/17 MP: 6/6
   270 | D:1      | Reached skill level 3 in Axes
   390 | D:1      | Found Ageuhynequ's Antique Weapon Shoppe.
   400 | D:1      | 400 ||| SHOPLISTING mace (69 gold, have 12).
   400 | D:1      | 400 ||| SHOPLISTING whip (57 gold, have 12).
   483 | D:1      | Found Jomecva's Weapon Emporium.
   486 | D:1      | 486 ||| SHOPLISTING +0 morningstar of draining (110 gold,
                  | have 12).
   486 | D:1      | 486 ||| SHOPLISTING +6 hand axe of flaming (448 gold, have
                  | 12).
   592 | D:1      | Found Qov Fel's Antique Armour Emporium.
   640 | D:1      | Found Tuul's Assorted Antiques.
   647 | D:1      | 647 ||| BUYING chain mail (121 gold).
   647 | D:1      | Bought a chain mail for 121 gold pieces
   647 | D:1      | 647 ||| SHOPLISTING glowing buckler (202 gold, have 18).
   647 | D:1      | 647 ||| SHOPLISTING glowing plate armour (702 gold, have
                  | 18).
   653 | D:1      | 653 ||| SHOPLISTING 3 scrolls labelled DUYDUE FOXANA (54
                  | gold, have 18).
   653 | D:1      | 653 ||| BUYING coppery potion (16 gold).
   653 | D:1      | Bought a coppery potion for 16 gold pieces
   653 | D:1      | 653 ||| SHOPLISTING glowing ring mail (126 gold, have 2).
   653 | D:1      | 653 ||| SHOPLISTING runed emerald ring (90 gold, have 2).
   653 | D:1      | 653 ||| SHOPLISTING runed peridot ring (90 gold, have 2).
   653 | D:1      | 653 ||| SHOPLISTING scroll labelled HOUPOV OHEU (18 gold,
                  | have 2).
   653 | D:1      | 653 ||| SHOPLISTING scroll labelled ZIGREYH ZEDUSCH (18
                  | gold, have 2).
   698 | D:1      | 698 ||| Stepping ~*~*~tactically~*~*~ (stealth).
   701 | D:1      | 701 ||| Stepping ~*~*~tactically~*~*~ (stealth).
  1222 | D:1      | 1222 ||| UPGRADING to +0 chain mail.
  1232 | D:1      | 1232 ||| DROPPING +0 leather armour.
  1233 | D:1      | 1233 ||| UPGRADING to amulet of regeneration.
  1238 | D:1      | 1238 ||| UPGRADING to +6 ring of strength.
  1239 | D:1      | 1239 ||| READING 2 scrolls labelled ZIGREYH ZEDUSCH.
  1240 | D:1      | 1240 ||| READING scroll labelled PIPELL GONNOKK.
  1241 | D:1      | 1241 ||| READING scroll labelled QUWUATS UT YZE.
  1242 | D:1      | 1242 ||| READING scroll labelled VIUMUHOWKU.
  1343 | D:1      | 1343 ||| READING scroll labelled TESES CERPHU.
  1344 | D:1      | 1344 ||| DRINKING 2 golden potions.
  1345 | D:1      | 1345 ||| DRINKING 2 murky dark potions.
  1346 | D:1      | 1346 ||| DROPPING scroll of blinking.
  1347 | D:1      | 1347 ||| DROPPING potion of degeneration.
  1379 | D:2      | 1379 ||| Stepping ~*~*~tactically~*~*~ (stealth).
  1393 | D:2      | 1393 ||| Stepping ~*~*~tactically~*~*~ (stealth).
  1398 | D:2      | Reached XP level 3. HP: 21/21 MP: 7/7
  1420 | D:2      | 1420 ||| SWAPPING to +0 war axe.
  1421 | D:2      | 1421 ||| DROPPING +0 hand axe.
  1432 | D:2      | 1432 ||| Stepping ~*~*~tactically~*~*~ (stealth).
  1442 | D:2      | Reached skill level 4 in Axes
  1450 | D:2      | 1450 ||| Stepping ~*~*~tactically~*~*~ (stealth).
  1453 | D:2      | 1453 ||| Stepping ~*~*~tactically~*~*~ (stealth).
  1456 | D:2      | 1456 ||| Stepping ~*~*~tactically~*~*~ (stealth).
  1459 | D:2      | 1459 ||| Stepping ~*~*~tactically~*~*~ (stealth).
  1462 | D:2      | 1462 ||| Stepping ~*~*~tactically~*~*~ (stealth).
  1471 | D:2      | 1471 ||| Stepping ~*~*~tactically~*~*~ (stealth).
  1512 | D:2      | Found a runed translucent door.
  1513 | D:2      | Noticed Crazy Yiuf
  1556 | D:2      | Identified the +4 ring mail of the Hippo {Harm Int+4
                  | Stlth+}
  1581 | D:2      | Noticed Robin
  1594 | D:2      | Killed Robin
  1622 | D:2      | 1622 ||| Stepping ~*~*~tactically~*~*~ (stealth).
  1623 | D:2      | 1623 ||| Stepping ~*~*~tactically~*~*~ (stealth).
  1628 | D:2      | Reached XP level 4. HP: 26/26 MP: 8/8
  1812 | D:2      | 1812 ||| Stepping ~*~*~tactically~*~*~ (stealth).
  1818 | D:2      | 1818 ||| Stepping ~*~*~tactically~*~*~ (stealth).
  1869 | D:2      | Reached skill level 5 in Axes
  1978 | D:2      | Found a faded altar of an unknown god.
  2142 | D:2      | 2142 ||| UPGRADING to +0 pair of gloves of infusion.
  2147 | D:2      | 2147 ||| DROPPING +4 ring mail of the Hippo {Harm Int+4
                  | Stlth+}.
  2148 | D:2      | 2148 ||| UPGRADING to amulet of reflection.
  2158 | D:2      | 2158 ||| DROPPING amulet of regeneration.
  2159 | D:2      | 2159 ||| READING scroll labelled DUYDUE FOXANA.
  2205 | D:2      | 2205 ||| READING scroll labelled ASEBBI CUL GYOTHU.
  2206 | D:2      | 2206 ||| DRINKING 2 bubbling cyan potions.
  2207 | D:2      | 2207 ||| READING 2 scrolls of identify.
  2207 | D:2      | 2207 ||| IDENTIFYING fizzy orange potion
  2208 | D:2      | 2208 ||| DROPPING potion of lignification.
  2271 | D:3      | 2271 ||| Stepping ~*~*~tactically~*~*~ (hiding).
  2298 | D:3      | Found a runed translucent door.
  2321 | D:3      | 2321 ||| Stepping ~*~*~tactically~*~*~ (stealth).
  2338 | D:3      | Noticed a bullfrog
  2338 | D:3      | Noticed qw's ghost (amateur TeWr)
  2354 | D:3      | Found a runed translucent door.
  2388 | D:3      | Noticed Grinder
  2397 | D:3      | Killed Grinder
  2398 | D:3      | Reached skill level 7 in Axes
  2398 | D:3      | Gained mutation: Your magical nature lets you fly swiftly
                  | and evasively. [Tengu growth]
  2398 | D:3      | Reached XP level 5. HP: 21/30 MP: 5/9
  2398 | D:3      | Reached XP level 6. HP: 25/35 MP: 5/10
  2570 | D:3      | 2570 ||| Stepping ~*~*~tactically~*~*~ (stealth).
  2577 | D:3      | 2577 ||| Stepping ~*~*~tactically~*~*~ (hiding).
  2591 | D:3      | 2591 ||| FLEEEEING.
  2592 | D:3      | 2592 ||| FLEEEEING.
  2593 | D:3      | 2593 ||| FLEEEEING.
  2594 | D:3      | 2594 ||| FLEEEEING.
  2595 | D:3      | 2595 ||| FLEEEEING.
  2597 | D:3      | 2597 ||| FLEEEEING.
  2598 | D:3      | 2598 ||| FLEEEEING.
  3011 | D:3      | 3011 ||| READING scroll labelled HOUPOV OHEU.
  3012 | D:3      | 3012 ||| DRINKING 3 blue potions.
  3013 | D:3      | 3013 ||| READING 3 scrolls of identify.
  3013 | D:3      | 3013 ||| IDENTIFYING coppery potion
  3014 | D:3      | 3014 ||| DROPPING potion of invisibility.
  3079 | D:4      | 3079 ||| Stepping ~*~*~tactically~*~*~ (stealth).
  3383 | D:4      | 3383 ||| Stepping ~*~*~tactically~*~*~ (stealth).
  3443 | D:4      | 3443 ||| Stepping ~*~*~tactically~*~*~ (stealth).
  3445 | D:4      | 3445 ||| Stepping ~*~*~tactically~*~*~ (stealth).
  3446 | D:4      | 3446 ||| Stepping ~*~*~tactically~*~*~ (stealth).
  3502 | D:4      | Found a broken altar of Ashenzari.
  3655 | D:4      | 3655 ||| UPGRADING to +0 plate armour.
  3665 | D:4      | 3665 ||| DROPPING +0 chain mail.
  3666 | D:4      | 3666 ||| READING scroll labelled SAUNID CUSYM.
  3687 | D:5      | Entered Level 5 of the Dungeon
  3714 | D:5      | Noticed a water moccasin
  3718 | D:5      | Reached XP level 7. HP: 37/40 MP: 7/11
  3823 | D:5      | Reached skill level 3 in Fighting
  3905 | D:5      | Reached skill level 8 in Axes
  3945 | D:5      | Reached XP level 8. HP: 38/46 MP: 8/12
  3997 | D:5      | Found Pitton's Armour Emporium.
  4003 | D:5      | 4003 ||| SHOPLISTING +0 pair of gloves of the Armadillo
                  | {rC+} (259 gold, have 220).
  4033 | D:5      | Noticed Edmund
  4050 | D:5      | Killed Edmund
  4051 | D:5      | Reached skill level 9 in Axes
  4213 | D:5      | 4213 ||| DROPPING +0 flail.
  4217 | D:5      | Found Kuriff's Antique Weapon Shoppe.
  4222 | D:5      | 4222 ||| BUYING runed flail (208 gold).
  4222 | D:5      | Bought a runed flail for 208 gold pieces
  4222 | D:5      | 4222 ||| DROPPING +0 vorpal flail.
  4331 | D:5      | Found an ornate altar of the Wu Jian Council.
  4371 | D:5      | Found Cobilos's Antique Armour Boutique.
  4374 | D:5      | 4374 ||| SHOPLISTING cloak (90 gold, have 12).
  4678 | D:5      | Found a white marble altar of Elyvilon.
  4860 | D:5      | 4860 ||| READING 5 scrolls of identify.
  4860 | D:5      | 4860 ||| IDENTIFYING inky potion
  4893 | D:6      | 4893 ||| Stepping ~*~*~tactically~*~*~ (hiding).
  4894 | D:6      | 4894 ||| Stepping ~*~*~tactically~*~*~ (hiding).
  4899 | D:6      | 4899 ||| Stepping ~*~*~tactically~*~*~ (stealth).
  5108 | D:6      | Reached skill level 10 in Axes
  5224 | D:6      | 5224 ||| Stepping ~*~*~tactically~*~*~ (stealth).
  5231 | D:6      | Reached skill level 3 in Dodging
  5476 | D:6      | 5476 ||| Stepping ~*~*~tactically~*~*~ (stealth).
  5530 | D:6      | Reached XP level 9. HP: 48/52 MP: 10/13
  5574 | D:6      | 5574 ||| Stepping ~*~*~tactically~*~*~ (hiding).
  5584 | D:6      | 5584 ||| Stepping ~*~*~tactically~*~*~ (hiding).
  5898 | D:6      | 5898 ||| READING scroll labelled XUTZIL PIEPRUC.
  5899 | D:6      | 5899 ||| READING 4 scrolls of identify.
  5899 | D:6      | 5899 ||| IDENTIFYING clear potion
  6092 | D:7      | 6092 ||| SWAPPING to +1 war axe of freezing.
  6093 | D:7      | 6093 ||| DROPPING +0 war axe of venom.
  6109 | D:7      | 6109 ||| Stepping ~*~*~tactically~*~*~ (hiding).
  6179 | D:7      | Found an iron altar of Okawaru.
  6212 | D:7      | Became a worshipper of Warmaster Okawaru
  6245 | D:7      | 6245 ||| READING scroll of enchant armour.
  6245 | D:7      | 6245 ||| ENCHANTING +0 pair of gloves of infusion.
  6311 | D:7      | Found a staircase to the Ecumenical Temple.
  6345 | D:7      | 6345 ||| Stepping ~*~*~tactically~*~*~ (stealth).
  6350 | D:7      | 6350 ||| Stepping ~*~*~tactically~*~*~ (stealth).
  6351 | D:7      | 6351 ||| Stepping ~*~*~tactically~*~*~ (stealth).
  6381 | D:7      | 6381 ||| Stepping ~*~*~tactically~*~*~ (stealth).
  6385 | D:7      | 6385 ||| DROPPING +2 flail of protection.
  6396 | D:7      | Reached skill level 11 in Axes
  6501 | D:7      | 6501 ||| DRINKING 3 potions of curing.
  6501 | D:7      | 6501 ||| (to cure confusion)
  6558 | D:7      | Noticed a purple ugly thing
  6570 | D:7      | Killed a purple ugly thing
  6570 | D:7      | Reached * piety under Okawaru
  6571 | D:7      | Reached skill level 12 in Axes
  6621 | D:7      | 6621 ||| FLEEEEING.
  6635 | D:7      | 6635 ||| Stepping ~*~*~tactically~*~*~ (hiding).
  6686 | D:7      | 6686 ||| Stepping ~*~*~tactically~*~*~ (hiding).
  6688 | D:7      | 6688 ||| Stepping ~*~*~tactically~*~*~ (hiding).
  6690 | D:7      | 6690 ||| Stepping ~*~*~tactically~*~*~ (hiding).
  6694 | D:7      | 6694 ||| INVOKING Heroism.
  6877 | D:7      | Reached skill level 1 in Invocations
  7136 | D:7      | 7136 ||| READING 4 scrolls of identify.
  7136 | D:7      | 7136 ||| IDENTIFYING pink potion
  7137 | D:7      | 7137 ||| DROPPING potion of brilliance.
  7157 | D:8      | 7157 ||| STAIRDANCE
  7170 | D:8      | 7170 ||| STAIRDANCE
  7186 | D:8      | 7186 ||| INVOKING Heroism.
  7295 | D:8      | 7295 ||| Stepping ~*~*~tactically~*~*~ (stealth).
  7299 | D:8      | 7299 ||| Stepping ~*~*~tactically~*~*~ (stealth).
  7303 | D:8      | 7303 ||| INVOKING Heroism.
  7313 | D:8      | Reached XP level 10. HP: 60/60 MP: 6/14
  7317 | D:8      | Reached skill level 6 in Fighting
  7409 | D:8      | Found a shimmering blue altar of Sif Muna.
  7441 | D:8      | 7441 ||| Stepping ~*~*~tactically~*~*~ (hiding).
  7442 | D:8      | 7442 ||| Stepping ~*~*~tactically~*~*~ (hiding).
  7448 | D:8      | 7448 ||| Stepping ~*~*~tactically~*~*~ (hiding).
  7449 | D:8      | 7449 ||| INVOKING Heroism.
  7455 | D:8      | Reached skill level 3 in Invocations
  7456 | D:8      | Reached ** piety under Okawaru
  7459 | D:8      | 7459 ||| DRINKING potion of cancellation.
  7469 | D:8      | 7469 ||| Stepping ~*~*~tactically~*~*~ (stealth).
  7473 | D:8      | Reached skill level 6 in Armour
  7489 | D:8      | HP: 10/60 [yak (6)]
  7490 | D:8      | 7490 ||| READING 4 scrolls of teleportation.
  7490 | D:8      | Slain by a wyvern

Levels and vault maps discovered:
D:1:      ncdulo_watergridlock, layout_basic, serial_shops,
          nicolae_shop_advertising_works [nicolae_subvault_shop_adworks], shop,
          nicolae_shop_behind_doors, nicolae_shop_overgrown_old_shop,
          minmay_gold_behind_fungi
D:2:      minmay_chambers_of_ones, layout_rooms,
          shapermc_ecumenical_altar_ellora, uniq_crazy_yiuf_cottage, uniq_robin
D:3:      layout_basic, ebering_ghost_sewer_f, uniq_grinder
D:4:      layout_rooms, nicolae_overflow_crystal_walls,
          kennysheep_generic_room_8
D:5:      layout_loops_ring, nzn_wu_jian_contemplation,
          mainiacjoe_overflow_small_starburst, serial_shops,
          nicolae_shop_crystal, kennysheep_mini, nicolae_diamond_shop,
          minivault_11, minivault_1, minmay_misc_feat_tower, nrook_campfire,
          grunt_ministairs_1, uniq_edmund
D:6:      layout_basic
D:7:      layout_loops_ring, okawaru_gym_becter,
          minmay_temple_entry_statues_pillars, serial_bayou_pond_a
D:8:      layout_loops_ring, lemuel_round_altar,
          mainiacjoe_overflow_concentric_impassable, minmay_lair_entry_grove

Skill      XL: |  1  2  3  4  5  6  7  8  9 10 |
---------------+-------------------------------+-----
Axes           | 3 4 7 8 10 12 | 12.1
Armour         | 2 4 5 6 |  6.0
Fighting       | 3 4 5 6 |  6.0
Dodging        | 3 |  3.9
Invocations    | 2 4 |  4.0
Throwing       | |  1.0
Spellcasting   | |  2.0
Translocations | |  2.4

Action                   |  1- 3 |  4- 6 |  7- 9 | 10-12 || total
-------------------------+-------+-------+-------+-------++-------
Melee: Hand axe          |    44 |       |       |       ||    44
       Peck              |    10 |     8 |    31 |     7 ||    56
       Kick              |    18 |    18 |    58 |    13 ||   107
       War axe           |    33 |    90 |   196 |    46 ||   365
       Punch             |     1 |     1 |     2 |     2 ||     6
Throw: Boomerang         |     7 |     4 |    41 |       ||    52
Invok: Heroism           |       |       |     3 |     1 ||     4
  Use: Scroll            |     5 |     6 |     5 |     1 ||    17
       Potion            |     2 |     2 |     1 |     1 ||     6
Armor: Leather armour    |     7 |       |       |       ||     7
       Chain mail        |    19 |    30 |       |       ||    49
       Plate armour      |       |     3 |    58 |    23 ||    84
Dodge: Dodged            |    26 |    20 |    66 |    19 ||   131
Block: Other             |       |     6 |    35 |     6 ||    47
       Reflection        |       |       |     1 |       ||     1

Table legend:
 A = Non-vault XP
 B = Vault XP
 C = Vault XP percentage of total XP
 D = Non-vault monster count
 E = Vault monster count
 F = Vault count percentage of total count
                 A         B        C        D         E       F
            +---------+---------+-------+---------+---------+-------
      Total |    4576 |    1394 |  23.4 |     146 |      25 |  14.6
            +---------+---------+-------+---------+---------+-------
        D:1 |      27 |       0 |   0.0 |      15 |       0 |   0.0
        D:2 |      47 |      46 |  49.5 |      17 |      16 |  48.5
        D:3 |      90 |     272 |  75.1 |      15 |       1 |   6.2
        D:4 |      83 |       5 |   5.7 |      14 |       1 |   6.7
        D:5 |     779 |     204 |  20.8 |      13 |       2 |  13.3
        D:6 |     909 |       0 |   0.0 |      19 |       0 |   0.0
        D:7 |    1769 |       0 |   0.0 |      30 |       0 |   0.0
        D:8 |     872 |     867 |  49.9 |      23 |       5 |  17.9
            +---------+---------+-------+---------+---------+-------
